 Dungeon Crawl Stone Soup version 0.27-a0-1200-g94dc6ad4cf (webtiles) character file.

Game seed: 10817925765705432301

89 bande the Shield-Bearer (level 4, 0/29 HPs)
             Began as a Gargoyle Fighter on May 31, 2021.
             Slain by Sigmund
             ... wielding a +0 scythe
              (1 damage)
             ... on level 3 of the Dungeon.
             The game lasted 00:03:20 (2881 turns).

bande the Shield-Bearer (Gargoyle Fighter)          Turns: 2881, Time: 00:03:21

Health: 0/29       AC: 11    Str: 20    XL:     4   Next: 55%
Magic:  4/4        EV:  7    Int:  8    God:
Gold:   124        SH:  0    Dex: 10    Spells: 3/3 levels left

rFire    . . .     SeeInvis .   a - +0 war axe
rCold    . . .     Faith    .   c - +1 kite shield
rNeg     + . .     Spirit   .   b - +0 scale mail
rPois    ∞         Reflect  .   (no helmet)
rElec    +         Harm     .   (no cloak)
rCorr    .         Rampage  .   (no gloves)
Will     .....                  e - +0 pair of boots
Stlth    ..........             (no amulet)
HPRegen  0.09/turn              (no ring)
MPRegen  0.09/turn              (no ring)

@: confused, mighty
A: sickness immunity, AC +3, negative energy resistance 1, electricity
resistance, torment resistance 1, petrification resistance
a: no special abilities


You were on level 3 of the Dungeon.
You visited 1 branch of the dungeon, and saw 3 of its levels.

You collected 124 gold pieces.

Inventory:

Hand Weapons
 a - a +0 war axe (weapon)
Missiles
 j - 4 curare-tipped darts (quivered)
Armour
 b - a +0 scale mail (worn)
 c - a +1 kite shield (worn)
 e - a +0 pair of boots (worn)
Scrolls
 k - a scroll of amnesia {unknown}
Potions
 f - 2 potions of berserk rage {unknown}
 g - 2 potions of curing
 h - a potion of haste {unknown}
 i - a potion of heal wounds {unknown}


   Skills:
 + Level 3.9 Fighting
 + Level 2.7 Axes
 + Level 3.9 Armour
 + Level 0.1 Dodging
 - Level 0.2 Stealth
 + Level 4.0 Shields


You had 3 spell levels left.
You didn't know any spells.
Your spell library was empty.

Dungeon Overview and Level Annotations

Branches:
Dungeon (3/15)

Altars:
Dithmenos
Elyvilon

Shops:
D:1 [   D:2 (

Annotations:
D:3 1 runed translucent door, Sigmund; bande's ghost, amateur GrFi


Innate Abilities, Weirdness & Mutations

You are immune to sickness and miasma.
Your stone body is resilient. (AC +3)
You are immune to poison.
You resist negative energy. (rN+)
You are resistant to electric shocks. (rElec)
You are resistant to unholy torment.
You are immune to petrification.


Message History

Things that are here:
a +0 falchion; a +0 scale mail A goblin comes into view.
It is wielding a +0 club.
The goblin shouts!
Sigmund the Dreaded comes into view.
He is wielding a +0 scythe.
Found a potion of might.
Sigmund gestures at you while chanting. You resist with some effort.
Sigmund points at himself and mumbles some strange words.
Sigmund flickers and vanishes!
Deactivating autopickup; reactivate with Ctrl-A.
The goblin hits you but does no damage.
You hit the goblin but do no damage. You block the goblin's attack.
You closely miss the goblin. You block the goblin's attack.
Something hits you but does no damage. The goblin hits you with a +0 club.
You block something's attack.
You slash the goblin!
You kill the goblin!
A magic dart appears from out of thin air!
The magic dart hits you but does no damage.
You feel very mighty all of a sudden. Something hits you.
Something hits you but does no damage.
Things that are here:
a +0 club; a goblin corpse You miss something.
You hear some strange, mumbled words.
You are confused.
Something hits you but does no damage.
You bump into the rock wall.
You hear some strange, mumbled words.
A magic dart appears from out of thin air!
The magic dart hits you. Something hits you.
You bump into the rock wall.
Something hits you!
* * * LOW HITPOINT WARNING * * *
You bump into the rock wall.
Something hits you!
* * * LOW HITPOINT WARNING * * *
You bump into the rock wall.
Something hits you.
You die...

#.......#..#....# #.#.##.
#.......#..##..## #.#.##.
#.......#####')####.#.#..
#.......#####..##........
#.......##__##...#....
###.####.#⌠⌠#....#.#.#
#.# #.####.........
#{#####.##.....#....
#.)@.........###....
#######..###.# #....
##########.)# #.###....
#...........###.#......
#......................
#..........#.........##
####.......#....<....#
#......(#..##...#.#
#########..##...#.##


There were no monsters in sight!

Vanquished Creatures
  Terence (D:3)
  An adder (D:2)
  A worm (D:2)
  A dart slug (D:1)
  6 ball pythons
  4 bats
  7 endoplasms
  4 giant cockroaches
  7 goblins
  3 hobgoblins
  5 kobolds
  A quokka (D:1)
  2 frilled lizards
  3 rats
46 creatures vanquished.

Vanquished Creatures (others)
  An endoplasm (D:3)
  A goblin (D:3)
  2 withered plants (D:3)
4 creatures vanquished.

Grand Total: 50 creatures vanquished

Notes
Turn   | Place    | Note
-------+----------+-------------------------------------------
     0 | D:1      | bande the Gargoyle Fighter began the quest for the Orb.
     0 | D:1      | Reached XP level 1. HP: 14/14 MP: 1/1
   228 | D:1      | Reached XP level 2. HP: 19/19 MP: 2/2
   897 | D:1      | Found Foddeec's Antique Armour Boutique.
   904 | D:1      | Reached XP level 3. HP: 19/24 MP: 3/3
  1129 | D:2      | Found a faded altar of an unknown god.
  1562 | D:2      | Found Deliygadgh's Antique Weapon Emporium.
  2133 | D:3      | Found a runed translucent door.
  2166 | D:3      | Noticed bande's ghost (amateur GrFi)
  2266 | D:3      | Reached XP level 4. HP: 29/29 MP: 4/4
  2352 | D:3      | Noticed Terence
  2370 | D:3      | Killed Terence
  2371 | D:3      | Reached skill level 4 in Shields
  2691 | D:3      | Found a shadowy altar of Dithmenos.
  2691 | D:3      | Found a white marble altar of Elyvilon.
  2861 | D:3      | Noticed Sigmund
  2880 | D:3      | HP: 1/29 [something (7)]
  2881 | D:3      | Slain by Sigmund

Illustrated notes

Levels and vault maps discovered:
D:1:      lightli_arrival_lavapool, layout_rooms, serial_shops, shop,
          grunt_decor_resistance
D:2:      layout_basic, serial_shops, shop, basic_ecumenical_altar
D:3:      layout_basic, gammafunk_temple_overflow_wave, gammafunk_ghost_grave,
          lemuel_flame_loot_1, uniq_terence, uniq_sigmund

Skill      XL: |  1  2  3  4 |
---------------+-------------+-----
Axes           | 2 |  2.7
Shields        | 4 |  4.0
Fighting       | |  3.9
Armour         | |  3.9
Dodging        | |  0.1
Stealth        | |  0.2

Action                   |  1- 3 |  4- 6 || total
-------------------------+-------+-------++-------
Melee: War axe           |   134 |    43 ||   177
  Use: Scroll            |     5 |       ||     5
       Potion            |       |     1 ||     1
Armor: Scale mail        |    72 |    31 ||   103
Dodge: Dodged            |    39 |     5 ||    44
Block: Kite shield       |    66 |    32 ||    98

Table legend: (Time is in decaauts)
 A = Elapsed time spent in this place.
 B = Non-inter-level travel time spent in this place.
 C = Inter-level travel time spent in this place.
 D = Time resting spent in this place.
 E = Time spent auto-exploring this place.
 F = Levels seen in this place.
 G = Mean time per level.
                   A        B        C        D        E       F      G
               +--------+--------+--------+--------+--------+-----+--------+
         Total |   2989 |   2936 |     53 |    497 |   1964 |   3 |  996.3 |
       Dungeon |   2989 |   2936 |     53 |    497 |   1964 |   3 |  996.3 |
               +--------+--------+--------+--------+--------+-----+--------+

Top non-repeatable levels by time:
     D:1: 1160 daAuts
     D:2: 983 daAuts
     D:3: 845 daAuts
